 Dungeon Crawl Stone Soup version 0.21-a0-59-g7b0e191 (webtiles) character file.

99 Ijustatesigmund the Conjurer (level 4, -5/27 HPs)
             Began as an Octopode Conjurer on June 16, 2017.
             Slain by a gnoll
             ... wielding a +0 flail
              (9 damage)
             ... on level 3 of the Dungeon.
             The game lasted 00:05:27 (1689 turns).

Ijustatesigmund the Conjurer (Octopode Conjurer)    Turns: 1689, Time: 00:05:28

Health: -5/27      AC:  1    Str:  7    XL:     4   Next: 72%
Magic:  0/9        EV: 13    Int: 17    God:
Gold:   94         SH:  0    Dex: 13    Spells: 4/10 levels left

rFire    . . .     SeeInvis +   g - +0 halberd
rCold    . . .     Gourm    .   (shield currently unavailable)
rNeg     . . .     Faith    .   (helmet restricted)
rPois    .         Spirit   .   (no amulet)
rElec    .         Reflect  .   e - ring of see invisible
rCorr    .         Harm     .   (no ring)
MR       .....                  (no ring)
Stlth    +++.......             (no ring)
HPRegen  0.09/turn              (no ring)
MPRegen  0.11/turn              (no ring)
                                (no ring)
                                (no ring)

@: no status effects
A: almost no armour, stealthy swim, amphibious, 8 rings, constrict 8, camouflage
1, gelatinous body 1
a: no special abilities


You were on level 3 of the Dungeon.
You were not hungry.

You visited 1 branch of the dungeon, and saw 3 of its levels.

You collected 94 gold pieces.

Inventory:

Hand Weapons
 g - a +0 halberd (weapon)
Jewellery
 e - a ring of see invisible (left tentacle)
Scrolls
 h - a scroll of identify
 i - 2 scrolls of teleportation
 j - a scroll of remove curse
Potions
 c - a potion of haste
 f - 2 potions of heal wounds
Books
 a - a book of Conjurations

   Spells                             Type                      Level
   a - Magic Dart                     Conjuration                  1
   b - Searing Ray                    Conjuration                  2
   c - Dazzling Spray                 Conjuration/Hexes            3
   d - Fulminant Prism                Conjuration/Hexes            4
   e - Force Lance                    Conjuration/Translocation    4
   f - Iskenderun's Mystic Blast      Conjuration                  4
Comestibles
 b - a bread ration
 d - 2 meat rations


   Skills:
 - Level 2.0 Dodging
 - Level 2.6 Stealth
 + Level 3.8 Spellcasting
 - Level 4.0 Conjurations
 + Level 2.0 Hexes


You had 4 spell levels left.
You knew the following spells:

 Your Spells              Type           Power        Failure   Level  Hunger
a - Magic Dart            Conj           ###.         3%          1    None
b - Searing Ray           Conj           ###...       4%          2    ##.....
c - Dazzling Spray        Conj/Hex       ##....       14%         3    ###....


Dungeon Overview and Level Annotations

Branches:
Dungeon (3/15)

Altars:
Qazlal
Sif Muna
The Shining One


Innate Abilities, Weirdness & Mutations

You cannot wear most types of armour.
You are very stealthy in the water. (Stealth+)
You are amphibious.
You can wear up to eight rings at the same time.
You can use your tentacles to constrict eight enemies at once.
Your skin changes colour to match your surroundings (Stealth+).
Your rubbery body absorbs attacks. (AC +1, EV +1)


Message History

Confirm with . or Enter, or press ? or * to list all spells.
Aiming: Magic Dart
Press: ? - help, Shift-Dir - straight line, f - gnoll
Aim: a gnoll, wielding a flail The magic dart hits the gnoll.
Casting: Magic Dart
Confirm with . or Enter, or press ? or * to list all spells.
Aiming: Magic Dart
Press: ? - help, Shift-Dir - straight line, f/p - gnoll
Aim: a gnoll, wielding a flail The magic dart hits the gnoll.
The gnoll barely misses you.
Casting: Magic Dart
Confirm with . or Enter, or press ? or * to list all spells.
Aiming: Magic Dart
Press: ? - help, Shift-Dir - straight line, f/p - gnoll
Aim: a gnoll, wielding a flail The magic dart hits the gnoll.
The gnoll is lightly wounded.
The gnoll hits you with a flail!
You die...

.# .# ##.
<########.# #..
..........#### #.##
####....^..... ...#
#....########..#####
####.##............#
#....(#...# #>.###.#
#...###.#†.# #)....#
.. #.#..# #@####.#.
#.#..# #g###....
#.#..#####.)......
#..........###..##
###..#####.# #..#
#...# #.# #..# #.#.#
##)###..#
#...####.......#
#.#............#


You could see a gnoll.

Vanquished Creatures
  3 gnolls (D:3)
  3 adders
  A worm (D:2)
  2 dart slugs (D:1)
  3 leopard geckos
  A giant cockroach (D:2)
  2 goblins
  A hobgoblin (D:1)
  4 kobolds
  A ball python (D:2)
  5 bats
  5 frilled lizards
  8 rats
39 creatures vanquished.

Notes
Turn   | Place    | Note
-------+----------+-------------------------------------------
     0 | D:1      | Ijustatesigmund the Octopode Conjurer began the quest for the Orb.
     0 | D:1      | Reached XP level 1. HP: 11/11 MP: 3/3
   226 | D:1      | Reached XP level 2. HP: 17/17 MP: 3/5
   230 | D:1      | Learned a level 2 spell: Searing Ray
   661 | D:1      | Found a glowing golden altar of the Shining One.
   973 | D:2      | Reached XP level 3. HP: 21/21 MP: 4/7
   978 | D:2      | Learned a level 3 spell: Dazzling Spray
  1220 | D:2      | Found a stormy altar of Qazlal.
  1312 | D:2      | Reached skill level 1 in Hexes
  1471 | D:3      | Reached XP level 4. HP: 27/27 MP: 9/9
  1529 | D:3      | Found a deep blue altar of Sif Muna.
  1689 | D:3      | Slain by a gnoll

Vault maps used:
D:1:      elethiomel_arrival_infinity_welcomes_careful_drivers, tso_altar
D:2:      overflow_temple_1_default
D:3:      led_sif_pool, kennysheep_okawaru_gauntlet, first_bread, uniq_sigmund

Skill      XL: |  1  2  3  4 |
---------------+-------------+-----
Spellcasting   | 3 |  3.8
Hexes          | 1 2 |  2.0
Dodging        | |  2.0
Stealth        | |  2.6
Conjurations   | |  4.0

Action                   |  1- 3 |  4- 6 || total
-------------------------+-------+-------++-------
Melee: Constrict         |     4 |       ||     4
       Unarmed           |     1 |       ||     1
       Club              |     8 |       ||     8
       Tentacles         |     3 |       ||     3
       Hand axe          |     1 |       ||     1
       Halberd           |       |     2 ||     2
 Cast: Magic Dart        |    59 |    14 ||    73
       Searing Ray       |       |     2 ||     2
  Use: Scroll            |     6 |     3 ||     9
       Potion            |     4 |       ||     4
 Stab: Sleeping          |     2 |       ||     2
  Eat: Chunk             |     2 |       ||     2
Armor: Skin              |     2 |       ||     2
Dodge: Dodged            |     4 |     2 ||     6
